 Dungeon Crawl Stone Soup version 0.30-b1-5-g8e6c1be481 (webtiles) character file.

Game seed: 6509722114110383004

121 safid the Chiller (level 5, -1/37 HPs)
             Began as a Merfolk Ice Elementalist on May 3, 2023.
             Killed from afar by an orc wizard (4 damage)
             ... with a magic dart
             ... on level 3 of the Dungeon.
             The game lasted 00:05:31 (1940 turns).

safid the Chiller (Merfolk Ice Elementalist)        Turns: 1940, Time: 00:05:32

Health: -1/37      AC:  3    Str:  8    XL:     5   Next: 5%
Magic:  0/9        EV: 13    Int: 16    God:
Gold:   142        SH:  0    Dex: 15    Spells: 3/10 levels left

rFire   . . .        f - +1 short sword (drain)
rCold   . . .        (no shield)
rNeg    . . .        a - +0 robe
rPois   .            (no helmet)
rElec   .            j - +0 cloak
rCorr   .            (no gloves)
SInv    .            (no boots)
Will    .....        (no amulet)
Stlth   ++           (no ring)
HPRegen 0.26/turn    (no ring)
MPRegen 0.11/turn

%: no passive effects
@: no status effects
A: (nimble swimmer 2), mertail
a: no special abilities


You were on level 3 of the Dungeon.
You visited 1 branch of the dungeon, and saw 3 of its levels.

You collected 142 gold pieces.

Inventory:

Hand Weapons
 f - a +1 short sword of draining (weapon)
Armour
 a - a +0 robe (worn)
 j - a +0 cloak (worn)
Scrolls
 d - a scroll of teleportation {unknown}
 e - a scroll of identify {unknown}
 h - a scroll of enchant weapon {unknown}
 i - a scroll of immolation {unknown}
 k - a scroll of noise {unknown}
 m - a scroll of poison {unknown}
 n - 3 scrolls of amnesia {unknown}
Potions
 b - a potion of magic
 c - a potion of heal wounds {unknown}
 l - 2 potions of degeneration {unknown}


   Skills:
 * Level 1.0 Fighting
 + Level 0.2 Short Blades
 + Level 0.1 Maces & Flails
 - Level 3.0 Dodging
 - Level 2.1 Stealth
 + Level 0.2 Unarmed Combat
 * Level 3.2 Spellcasting
 * Level 5.6 Ice Magic


You had 3 spell levels left.
You knew the following spells:

 Your Spells              Type           Power      Damage    Failure   Level
a - Freeze                Ice            80%        1d9       1%          1
b - Frozen Ramparts       Ice            40%        1d7       5%          3
c - Ozocubu's Armour      Ice            20%        N/A       5%          3

Your spell library contained the following spells:

 Spells                   Type           Power      Damage    Failure   Level
 Dazzling Flash           Conj/Hex       4%         N/A       50%         3
 Volatile Blastmotes      Fire/Tloc      4%         2d10      50%         3
 Summon Ice Beast         Ice/Summ       11%        N/A       50%         4
 Animate Armour           Summ/Erth      4%         N/A       88%         4
 Iskenderun's Mystic Bla  Conj/Tloc      2%         2d3       88%         4
 Sticky Flame             Conj/Fire      2%         2d3       88%         4
 Iron Shot                Conj/Erth      1%         9d1       100%        6
 Starburst                Conj/Fire      1%         6d3       100%        6
 Statue Form              Tmut/Erth      1%         N/A       100%        6


Dungeon Overview and Level Annotations

Branches:
Dungeon (3/15)

Altars:


Innate Abilities, Weirdness & Mutations

((You are very nimble when in or above water. (Stealth+, EV+, Speed+++)))
Your lower body shifts to a powerful aquatic tail in water.


Message History

Something tries to affect you, but you resist.
Casting: Freeze (safe; 1% risk of failure)
Confirm with . or Enter, or press ? or * to list all spells.
Casting: Frozen Ramparts (dangerous; 5% risk of failure)
Press: ? - help, Dir - look around, f - activate The walls around you are covered in ice.
The wall freezes the hobgoblin.
The hobgoblin barely misses you.
The wall freezes something but does no damage.
Unknown command.
You hit the hobgoblin but do no damage.
The hobgoblin is heavily wounded.
The wall freezes the quokka.
You kill the quokka!
You hit the hobgoblin. You drain the hobgoblin.
You kill the hobgoblin!
The wall freezes something.
A magic dart appears from out of thin air!
The magic dart hits you!
* * * LOW HITPOINT WARNING * * *
Unknown command.
It was a potion of curing.
You feel better.
The wall freezes something.
A magic dart appears from out of thin air!
The magic dart hits you.
* * * LOW HITPOINT WARNING * * *
The wall freezes the adder.
The adder seems to slow down.
The adder barely misses you.
You feel better.
The wall freezes something.
The wall freezes the adder.
The adder closely misses you.
Unknown command.
You hit the adder.
You kill the adder!
The wall freezes something!
Something hits you.
* * * LOW HITPOINT WARNING * * *
Your Fighting skill increases to level 1!
You have reached level 5!
You feel agile.
The frozen ramparts melt away as you move.
A magic dart appears from out of thin air!
The magic dart hits you.
You die...

... ....#.>..
...##.........
......$......
#...#...#..# ..
......##(# .
#)#†.##.# .
#)...{#.# .#
#....†###.#.# #.#
....... #.@.##..#
....... ####=....#
.##.........#.##.#
#....####.#<...#
..... #......##.##
##....
####........
#.....#..
#........
#.....#..


There were no monsters in sight!

Vanquished Creatures
  An orc priest (D:3)
  4 adders
  2 orcs
  3 ball pythons
  3 endoplasms
  6 giant cockroaches
  A goblin (D:2)
  5 hobgoblins
  4 jackals (D:2)
  4 quokkas
  3 bats
  3 frilled lizards
  10 kobolds
  3 rats (D:1)
52 creatures vanquished.

Notes
Turn   | Place    | Note
-------+----------+-------------------------------------------
     0 | D:1      | safid the Merfolk Ice Elementalist began the quest for the
                  | Orb.
     0 | D:1      | Reached XP level 1. HP: 13/13 MP: 3/3
   299 | D:1      | Reached XP level 2. HP: 19/19 MP: 0/5
   478 | D:1      | Reached skill level 5 in Ice Magic
   783 | D:1      | Reached XP level 3. HP: 24/24 MP: 6/6
  1365 | D:2      | Found a faded altar of an unknown god.
  1578 | D:2      | Got the Information on Orogeny and Hyperthermia
  1604 | D:2      | Learned a level 3 spell: Frozen Ramparts
  1608 | D:2      | Learned a level 3 spell: Ozocubu's Armour
  1735 | D:2      | Reached XP level 4. HP: 30/31 MP: 3/8
  1910 | D:3      | Identified the ring of the Skies Above {Contam Fly rF+
                  | Int+4}
  1937 | D:3      | HP: 1/31 [something/magic dart (6)]
  1940 | D:3      | Reached skill level 1 in Fighting
  1940 | D:3      | Reached XP level 5. HP: 3/37 MP: 0/9
  1940 | D:3      | Killed from afar by an orc wizard

Illustrated notes

Levels and vault maps discovered:
D:1:      sevenhm_arrival_forest_fort_small_6, layout_basic
D:2:      layout_rooms, dreamdust_ecumenical_altar_grove, corexii_corridor_pit,
          kennysheep_generic_room_13
D:3:      layout_rooms, chei_slow_surprise

Skill      XL: |  1  2  3  4 |
---------------+-------------+-----
Ice Magic      | 5 |  5.6
Dodging        | 3 |  3.0
Spellcasting   | 3 |  3.2
Fighting       | 1 |  1.0
Short Blades   | |  0.2
Maces & Flails | |  0.1
Stealth        | |  2.1
Unarmed Combat | |  0.2

Action                     |  1- 3 |  4- 6 || total
---------------------------+-------+-------++-------
  Melee: Unarmed           |     7 |       ||     7
         Short sword       |    31 |    11 ||    42
         Whip              |     3 |       ||     3
   Cast: Freeze            |    42 |     6 ||    48
         Frozen Ramparts   |       |     2 ||     2
    Use: Potion            |       |     2 ||     2
   Stab: Sleeping          |     3 |       ||     3
 Armour: Robe              |    19 |     1 ||    20
  Dodge: Dodged            |    54 |    15 ||    69
